 Dungeon Crawl Stone Soup version 0.27-a0-1290-g15d3ce7508 (webtiles) character file.

Game seed: 15916853851717554228

17 Delamore the Shield-Bearer (level 2, 0/24 HPs)
             Began as a Formicid Fighter on June 15, 2021.
             Slain by a kobold (4 damage)
             ... on level 1 of the Dungeon.
             The game lasted 00:00:39 (504 turns).

Delamore the Shield-Bearer (Formicid Fighter)        Turns: 504, Time: 00:00:40

Health: 0/24       AC:  6    Str: 20    XL:     2   Next: 80%
Magic:  2/2        EV:  7    Int:  7    God:
Gold:   49         SH:  9    Dex: 10    Spells: 1/1 levels left

rFire    . . .     SeeInvis +   a - +0 war axe
rCold    . . .     Faith    .   c - +0 kite shield
rNeg     . . .     Spirit   .   b - +0 scale mail
rPois    .         Reflect  .   (helmet unavailable)
rElec    .         Harm     .   (no cloak)
rCorr    .         Rampage  .   (no gloves)
Will     .....                  (no boots)
Stlth    ..........             (no amulet)
HPRegen  0.08/turn              (no ring)
MPRegen  0.08/turn              (no ring)

@: no status effects
A: permanent stasis, dig shafts and tunnels, antennae 3, four strong arms
a: Dig, Shaft Self


You were on level 1 of the Dungeon.
You visited 1 branch of the dungeon, and saw 1 of its levels.

You collected 49 gold pieces.

Inventory:

Hand Weapons
 a - a +0 war axe (weapon)
Armour
 b - a +0 scale mail (worn)
 c - a +0 kite shield (worn)
Scrolls
 e - a scroll of identify {unknown}
 f - a scroll of fear {unknown}
Potions
 d - a potion of might


   Skills:
 + Level 3.6 Fighting
 * Level 2.8 Axes
 - Level 3.2 Armour
 - Level 3.6 Shields


You had one spell level left.
You didn't know any spells.
Your spell library was empty.

Dungeon Overview and Level Annotations

Branches:
Dungeon (1/15)

Altars:


Innate Abilities, Weirdness & Mutations

You cannot be hasted, slowed, berserked, paralysed or teleported.
You can dig through walls and to a lower floor.
You have a pair of large antennae on your head. (SInv)
Your four strong arms can wield two-handed weapons with a shield.


Message History

The kobold throws a stone.
You block the stone.
The kobold throws a stone.
The stone barely misses you.
There is a staircase leading out of the dungeon here.
You extend your mandibles.
You dig through the rock wall.
You dig through the rock wall.
You dig through the rock wall.
You dig through the rock wall.
You retract your mandibles.
There is an escape hatch in the floor here.
You extend your mandibles.
You dig through the rock wall.
You dig through the rock wall.
You dig through the rock wall.
You block the jackal's attack.
You dig through the rock wall.
The jackal bites you.
* * * LOW HITPOINT WARNING * * *
You retract your mandibles.
You hit the jackal but do no damage. The jackal bites you.
* * * LOW HITPOINT WARNING * * *
The jackal barely misses you.
You hit the jackal.
The jackal is severely wounded.
You block the jackal's attack.
The jackal bites you but does no damage. x2
You barely miss the jackal.
The jackal is severely wounded.
You block the jackal's attack. x2
You closely miss the jackal.
The jackal is severely wounded.
The jackal bites you but does no damage.
The jackal closely misses you.
Okay, then.
You slash the jackal!
You kill the jackal!
You block the jackal's attack.
You slash the jackal!
You kill the jackal!
You block the kobold's attack.
You completely miss the kobold. The kobold hits you with a +0 club.
You die...

#.# #.#.#>#.#... #.#
#.#.###.#... #.# #....#......
#.# #...###..... ###.# #.###
###.## #...# #####..## ##.##
#######...# ##.#.#.#.####>..{
..........#####K#.#..>.#.#.#..#
...###...'...@####..##K#.#<..#
. #..)####.# #..#######..#
#.######'####....###....#
#.####............#.....#
#.##.......(...#.###.#..#
#.###..........#.#>#.#..# #.#
#.................... #.#
#.......^.#...#####.. #.#
#......####..........


You could see a kobold.

Vanquished Creatures
  2 endoplasms (D:1)
  2 hobgoblins (D:1)
  3 jackals (D:1)
  4 ball pythons (D:1)
  A goblin (D:1)
  A kobold (D:1)
  4 rats (D:1)
17 creatures vanquished.

Notes
Turn   | Place    | Note
-------+----------+-------------------------------------------
     0 | D:1      | Delamore the Formicid Fighter began the quest for the Orb.
     0 | D:1      | Reached XP level 1. HP: 18/18 MP: 1/1
   227 | D:1      | Reached XP level 2. HP: 11/24 MP: 2/2
   504 | D:1      | Slain by a kobold

Illustrated notes

Levels and vault maps discovered:
D:1:      onia_arrival_handbag, layout_basic

Action                   || total
-------------------------++-------
Melee: War axe           ||    58
 Abil: Dig               ||     2
Armor: Scale mail        ||    25
Dodge: Dodged            ||    22
Block: Kite shield       ||    30

Table legend: (Time is in decaauts)
 A = Elapsed time spent in this place.
 B = Non-inter-level travel time spent in this place.
 C = Inter-level travel time spent in this place.
 D = Time resting spent in this place.
 E = Time spent auto-exploring this place.
 F = Levels seen in this place.
 G = Mean time per level.
                   A        B        C        D        E       F      G
               +--------+--------+--------+--------+--------+-----+--------+
         Total |    537 |    537 |      0 |    153 |    231 |   1 |  537.0 |
       Dungeon |    537 |    537 |      0 |    153 |    231 |   1 |  537.0 |
               +--------+--------+--------+--------+--------+-----+--------+

Top non-repeatable levels by time:
     D:1: 537 daAuts
